 Seeded DCSS version 0.30-a0-1082-g70414cbcbb (webtiles) character file.

Game seed: 5393717070854087887 (custom seed)

328 Mickster the Chopper (level 6, -3/53 HPs)
             Began as a Hill Orc Berserker on Apr 16, 2023.
             Was a Believer of Trog.
             Slain by an iguana (5 damage)
             ... on level 5 of the Dungeon.
             The game lasted 00:29:34 (3202 turns).

Mickster the Chopper (Hill Orc Berserker)           Turns: 3202, Time: 00:29:35

Health: -3/53      AC: 18    Str: 22    XL:     6   Next: 50%
Magic:  6/6        EV:  6    Int:  7    God:    Trog [**....]
Gold:   144        SH:  3    Dex: 10    Spells: 5/5 levels left

rFire   + . .      SeeInvis .    k - +2 dagger (vamp)
rCold   . . .      Faith    .    c - +0 buckler
rNeg    . . .      Spirit   .    g - +0 plate armour
rPois   .          Reflect  .    (no helmet)
rElec   .          Rampage  .    (no cloak)
rCorr   .                        j - +0 pair of gloves
Will    .....                    h - +0 pair of boots Stlth
                                 (no amulet)
HPRegen 0.28/turn                b - ring of protection from fire
MPRegen 0.10/turn                q - +4 ring of protection

@: about to teleport, on berserk cooldown, slowed, very slow
A: no striking features
a: Renounce Religion, Berserk, Trog's Hand


You were on level 5 of the Dungeon.
You worshipped Trog.
Trog was pleased with you.
You visited 1 branch of the dungeon, and saw 5 of its levels.

You collected 144 gold pieces.

Inventory:

Hand Weapons
 a - a +0 hand axe
 k - a +2 vampiric dagger (weapon)
 m - a +0 rapier
 p - a +0 war axe
Missiles
 d - 28 stones
 l - 6 poisoned darts (quivered)
Armour
 c - a +0 buckler (worn)
 g - a +0 plate armour (worn)
 h - a +0 pair of boots (worn)
 j - a +0 pair of gloves (worn)
Jewellery
 b - a ring of protection from fire (left hand)
 q - a +4 ring of protection (right hand)
 r - an amulet of guardian spirit
Scrolls
 i - 2 scrolls of identify
 u - a scroll of amnesia {unknown}
Potions
 f - 3 potions of resistance
 n - a potion of lignification {unknown}
 o - 2 potions of heal wounds {unknown}
 s - a potion of curing {unknown}
 t - a potion of magic {unknown}


   Skills:
 + Level 4.6 Fighting
 * Level 0.8 Short Blades
 - Level 6.9 Axes
 * Level 0.2 Throwing
 + Level 4.3 Armour
 + Level 1.8 Dodging
 + Level 0.6 Shields


You had 5 spell levels left.
You didn't know any spells.
Your spell library was empty.

Dungeon Overview and Level Annotations

Branches:
Dungeon (5/15)
 Temple: D:4-7

Altars:
Elyvilon
Kikubaaqudgha
Ru
Wu Jian

Shops:
D:1 [   D:2 [


Message History

The sleepcap releases spores at you but does no damage.
The iguana bites you but does no damage.
You hit the iguana.
You feel better.
The iguana is moderately wounded.
The sleepcap releases spores at you but does no damage.
The iguana bites you but does no damage.
The sleepcap releases spores at you.
You are engulfed in a cloud of soporific spores!
You fall asleep.
The iguana barely misses you.
You wake up.
You hit the iguana but do no damage.
The iguana is moderately wounded.
The sleepcap barely misses you. The iguana bites you.
You barely miss the iguana.
The iguana is moderately wounded.
The sleepcap releases spores at you!
You are engulfed in a cloud of soporific spores!
You are unaffected.
The iguana bites you but does no damage.
The sleepcap completely misses you. The iguana barely misses you.
You hit the iguana but do no damage.
The iguana is moderately wounded.
You block the sleepcap's attack. The iguana barely misses you.
You hit the iguana but do no damage.
The iguana is moderately wounded.
The sleepcap releases spores at you but does no damage.
The iguana bites you! You block the sleepcap's attack.
The iguana bites you but does no damage.
You closely miss the iguana.
The iguana is moderately wounded.
The sleepcap releases spores at you.
You are engulfed in a cloud of soporific spores!
You fall asleep.
The iguana bites you!!
You wake up.
* * * LOW HITPOINT WARNING * * *
As you read the scroll of teleportation, it crumbles to dust.
You feel strangely unstable. You block the sleepcap's attack.
The iguana bites you but does no damage.
The iguana bites you.
You die...

.#.#. ....# ..#
##....# #.$.##.>#
.......##.......###
..........#.......#
..........#........
...................
##.................
...........@......#
#......†...lf.....>
##.................
.....###.##........
.#... #.####..###.
.... ..# ..# .#.
...# ...# #. .....
.... ...#


You could see a sleepcap and an iguana.

Vanquished Creatures
  A sky beast (D:4)
  A howler monkey (D:4)
  3 hounds
  4 adders
  A shadow imp (D:5)
  A worm (D:2)
  An orc (D:3)
  5 endoplasms
  6 giant cockroaches
  7 hobgoblins
  3 jackals (D:3)
  4 quokkas (D:2)
  4 ball pythons
  3 bats
  8 frilled lizards
  5 goblins
  3 kobolds
  7 rats
67 creatures vanquished.

Vanquished Creatures (others)
  4 withered plants (D:3)
4 creatures vanquished.

Grand Total: 71 creatures vanquished

Notes
Turn   | Place    | Note
-------+----------+-------------------------------------------
     0 | D:1      | Mickster the Hill Orc Berserker began the quest for the
                  | Orb.
     0 | D:1      | Reached XP level 1. HP: 19/19 MP: 1/1
    40 | D:1      | Found Hiciafyf's Armour Emporium.
   370 | D:1      | Reached XP level 2. HP: 27/27 MP: 2/2
  1051 | D:2      | Found a faded altar of an unknown god.
  1176 | D:2      | Reached XP level 3. HP: 20/30 MP: 3/3
  1319 | D:2      | Found Taolous's Antique Armour Emporium.
  1488 | D:2      | Reached ** piety under Trog
  1701 | D:2      | Reached skill level 5 in Axes
  2012 | D:2      | Reached XP level 4. HP: 41/41 MP: 4/4
  2461 | D:3      | Found an ornate altar of the Wu Jian Council.
  2578 | D:3      | Found an ancient bone altar of Kikubaaqudgha.
  2698 | D:3      | Found a white marble altar of Elyvilon.
  2944 | D:4      | Found a sacrificial altar of Ru.
  2964 | D:4      | Reached skill level 6 in Axes
  2964 | D:4      | Reached XP level 5. HP: 42/47 MP: 5/5
  2971 | D:4      | Reached *** piety under Trog
  2992 | D:4      | Noticed a sky beast
  3010 | D:4      | Killed a sky beast
  3011 | D:4      | Reached XP level 6. HP: 53/53 MP: 6/6
  3171 | D:5      | Entered Level 5 of the Dungeon
  3201 | D:5      | HP: 2/53 [iguana (20)]
  3202 | D:5      | Slain by an iguana

Illustrated notes

Levels and vault maps discovered:
D:1:      nicolae_arrival_memento_mori, layout_basic, serial_shops, shop,
          minmay_tetromino_s2
D:2:      layout_loops_corners, basic_ecumenical_altar, serial_shops,
          nicolae_shop_tiny_glass
D:3:      layout_loops_corners, kiku_gazebo_garden_becter,
          overflow_temple_1_default, mainiacjoe_overflow_alcove_2
D:4:      layout_cave_pods, mainiacjoe_overflow_concentric_impassable,
          minmay_temple_entry_purple_smoke
D:5:      layout_cave_pools

Skill      XL: |  1  2  3  4  5 |
---------------+----------------+-----
Fighting       | 4 |  4.6
Axes           | 5 6 |  6.9
Armour         | 3 4 |  4.3
Short Blades   | |  0.8
Throwing       | |  0.2
Dodging        | |  1.8
Shields        | |  0.6

Action                     |  1- 3 |  4- 6 || total
---------------------------+-------+-------++-------
  Melee: Hand axe          |    56 |       ||    56
         Punch             |     1 |       ||     1
         Rapier            |    82 |       ||    82
         War axe           |    16 |   119 ||   135
         Dagger            |       |    16 ||    16
 Invoke: Berserk           |     1 |     2 ||     3
         Trog's Hand       |       |     1 ||     1
    Use: Scroll            |     6 |     1 ||     7
 Armour: Plate armour      |   118 |   128 ||   246
         Animal skin       |     3 |       ||     3
  Dodge: Dodged            |    67 |    58 ||   125
  Block: Buckler           |    18 |    20 ||    38

Table legend: (Time is in decaauts)
 A = Elapsed time spent in this place.
 B = Non-inter-level travel time spent in this place.
 C = Inter-level travel time spent in this place.
 D = Time resting spent in this place.
 E = Time spent auto-exploring this place.
 F = Levels seen in this place.
 G = Mean time per level.
                   A        B        C        D        E       F      G
               +--------+--------+--------+--------+--------+-----+--------+
         Total |   3285 |   3173 |    112 |    550 |      0 |   5 |  657.0 |
       Dungeon |   3285 |   3173 |    112 |    550 |      0 |   5 |  657.0 |
               +--------+--------+--------+--------+--------+-----+--------+

Top non-repeatable levels by time:
     D:2: 1084 daAuts
     D:1: 976 daAuts
     D:3: 789 daAuts
     D:4: 402 daAuts
     D:5: 33 daAuts
